 Dungeon Crawl Stone Soup version 0.30.0-15-g856e2d3f33 (webtiles) character file.

Game seed: 18021640636276012273

93 dialectric the Covered (level 4, -3/29 HPs)
             Began as a Gargoyle Fighter on May 19, 2023.
             Was a Follower of Qazlal.
             Killed from afar by Natasha (4 damage)
             ... with a puff of flame
             ... on level 2 of the Dungeon.
             The game lasted 00:02:33 (1836 turns).

dialectric the Covered (Gargoyle Fighter)           Turns: 1836, Time: 00:02:33

Health: -3/29      AC: 10    Str: 19    XL:     4   Next: 62%
Magic:  4/4        EV:  9    Int:  9    God:    Qazlal [*.....]
Gold:   148        SH:  1    Dex: 11    Spells: 3/3 levels left

rFire   . . .        a - +0 long sword
rCold   . . .        (no shield)
rNeg    + . .        b - +0 scale mail
rPois   ∞            (no helmet)
rElec   +            (no cloak)
rCorr   .            (no gloves)
SInv    .            (no boots)
Will    .....        (no amulet) Stlth
                     (no ring)
HPRegen 0.24/turn    (no ring)
MPRegen 0.09/turn

%: no passive effects
@: no status effects
A: sickness immunity, AC +3, negative energy resistance 1, electricity
resistance, torment resistance 1, petrification resistance
a: Renounce Religion


You were on level 2 of the Dungeon.
You worshipped Qazlal.
Qazlal was aware of your devotion.
You visited 1 branch of the dungeon, and saw 2 of its levels.

You collected 148 gold pieces.

Inventory:

Hand Weapons
 a - a +0 long sword (weapon)
Armour
 b - a +0 scale mail (worn)
 c - a +0 buckler
Wands
 k - a wand of roots (10)
Scrolls
 f - a scroll of enchant armour {unknown}
 h - a scroll of silence {unknown}
 j - a scroll of magic mapping {unknown}
 l - a scroll of identify {unknown}
 n - a scroll of teleportation {unknown}
Potions
 d - a potion of might
 i - 2 potions of heal wounds {unknown}
 m - a potion of attraction {unknown}


   Skills:
 + Level 3.8 Fighting
 + Level 2.8 Long Blades
 + Level 4.1 Armour
 + Level 0.5 Dodging
 + Level 3.6 Shields


You had 3 spell levels left.
You didn't know any spells.
Your spell library was empty.

Dungeon Overview and Level Annotations

Branches:
Dungeon (2/15)

Altars:
Qazlal

Annotations:
D:2 Natasha


Innate Abilities, Weirdness & Mutations

You are immune to sickness and miasma.
Your stone body is resilient. (AC +3)
You are immune to poison.
You resist negative energy. (rN+)
You are resistant to electric shocks. (rElec)
You are resistant to unholy torment.
You are immune to petrification.


Message History

Done exploring.
Done exploring.
(D) Dungeon
Where to? (Enter - D:2 @ (x,y), ? - help)
What level of the Dungeon? (default 1, ? - help) Natasha, Servant of Life and Death comes into view.
She is carrying a wand of flame (7).
Unknown command.
Natasha hisses angrily.
Natasha zaps a wand.
The puff of flame hits you!
Natasha is nearby!
Natasha is nearby!
Natasha is nearby!
Natasha mumbles some strange words.
The cerulean imp closely misses you. Natasha closely misses you.
The cerulean imp hits you but does no damage.
You hit Natasha but do no damage.
Natasha howls an incantation.
Natasha shimmers violently.
Natasha zaps a wand.
The puff of flame hits you!
* * * LOW HITPOINT WARNING * * *
The cerulean imp hits you but does no damage.
You completely miss Natasha. Natasha claws you.
* * * LOW HITPOINT WARNING * * *
The cerulean imp hits you but does no damage.
Natasha stares at you and mumbles some strange words.
The magic dart hits you.
* * * LOW HITPOINT WARNING * * *
You hit Natasha.
Natasha is moderately wounded.
The cerulean imp hits you but does no damage.
Natasha claws you but does no damage.
Unknown command.
Unknown command.
You closely miss Natasha.
Natasha is moderately wounded.
The cerulean imp hits you from afar with a +1 spear.
* * * LOW HITPOINT WARNING * * *
Natasha zaps a wand.
The puff of flame hits you.
You die...

###......†....#.........# #.....
#.+...........#.........# #.....
#.#...........#.........# #....#
#.#......[....#.........###.....
#.#.....................'......#
#..........>..#.........#.......
#..#.#........#.5...#####.......
#......####..##h....# #.......
#..#.#.# ##...@....# #.......
#......#######..§...# #####.##
#.#######...........# #.## #.#
#..#.#.#.....# ######..# #.#
#............# #........ #.#
#..#.#.#..#### #.#.#.#.# #.#
#.........## #........ #.#
#.)#.#.#...#### #.#.#.#.# #.#
#.............###........


You could see Natasha and a cerulean imp (summoned).

Vanquished Creatures
  Natasha (twice) (D:2)
  An adder (D:2)
  A dart slug (D:1)
  2 endoplasms
  3 giant cockroaches (D:1)
  3 goblins
  2 hobgoblins
  5 ball pythons
  6 bats
  6 frilled lizards (D:2)
  4 kobolds
  A rat (D:1)
36 creatures vanquished.

Notes
Turn   | Place    | Note
-------+----------+-------------------------------------------
     0 | D:1      | dialectric the Gargoyle Fighter began the quest for the
                  | Orb.
     0 | D:1      | Reached XP level 1. HP: 14/14 MP: 1/1
   229 | D:1      | Reached XP level 2. HP: 19/19 MP: 2/2
   913 | D:2      | Reached XP level 3. HP: 16/23 MP: 3/3
  1210 | D:2      | Noticed Natasha
  1569 | D:2      | Found a faded altar of an unknown god.
  1606 | D:2      | Killed Natasha
  1607 | D:2      | Reached skill level 4 in Armour
  1607 | D:2      | Reached XP level 4. HP: 27/29 MP: 4/4
  1611 | D:2      | Noticed Natasha
  1622 | D:2      | HP: 1/29 [Natasha/puff of flame (6)]
  1625 | D:2      | Killed Natasha
  1756 | D:2      | Prayed at the altar of an unknown god.
  1756 | D:2      | Became a worshipper of Qazlal Stormbringer
  1756 | D:2      | Reached * piety under Qazlal
  1827 | D:2      | Noticed Natasha
  1836 | D:2      | HP: 1/29 [cerulean imp/+1 spear[Natasha] (6)]
  1836 | D:2      | Killed from afar by Natasha

Illustrated notes

Levels and vault maps discovered:
D:1:      amcnicky_arrival_gap_in_the_tavern_cellar, layout_basic
D:2:      layout_basic, shapermc_ecumenical_altar_hornbeckon, serial_glass,
          glass_columns_c, glass_columns_c, glass_columns_c, glass_columns_a,
          glass_columns_a, glass_columns_b, glass_columns_b, glass_columns_a,
          glass_columns_b, glass_columns_a, uniq_natasha

Skill      XL: |  1  2  3 |
---------------+----------+-----
Long Blades    | 2 |  2.8
Armour         | 4 |  4.1
Fighting       | |  3.8
Dodging        | |  0.5
Shields        | |  3.6

Action                     |  1- 3 |  4- 6 || total
---------------------------+-------+-------++-------
  Melee: Long sword        |   117 |    16 ||   133
    Use: Scroll            |     2 |       ||     2
         Potion            |       |     1 ||     1
 Armour: Scale mail        |    86 |    13 ||    99
  Dodge: Dodged            |    78 |     7 ||    85
